 Dungeon Crawl Stone Soup version 0.31-a0-1300-gb6740aa4e6 (webtiles) character file.

Game seed: 10741875887223517171

133 grandjackal the Conjurer (level 5, -2/46 HPs)
             Began as a Tengu Conjurer on Dec 18, 2023.
             Slain by a gnoll bouda
             ... wielding a +0 club
              (9 damage)
             ... on level 4 of the Dungeon.
             The game lasted 00:03:07 (2411 turns).

grandjackal the Conjurer (Tengu Conjurer)           Turns: 2411, Time: 00:03:09

Health: -2/46      AC: 22    Str:  8    XL:     5   Next: 16%
Magic:  4/10       EV:  2    Int: 20    God:
Gold:   115        SH:  0    Dex: 12    Spells: 3/10 levels left

rFire   . . .        i - +1 dagger (venom)
rCold   . . .        (no shield)
rNeg    + . .        a - melded +0 robe
rPois   +            (helmet currently unavailable)
rElec   .            (cloak currently unavailable)
rCorr   .            t - melded +0 pair of gloves
SInv    .            (boots unavailable)
Will    .....        (no amulet)
Stlth   ++           j - ring of positive energy
HPRegen 0.27/turn    (no ring)
MPRegen 0.12/turn

%: acrobat
@: tree-form, weakened, very slightly contaminated
A: stationary, stasis, torment immunity, boosted hp, (beak), (talons 3),
acrobatic
a: no special abilities


You were on level 4 of the Dungeon.
You were a tree.
You visited 1 branch of the dungeon, and saw 4 of its levels.

You collected 115 gold pieces.

Inventory:

Hand Weapons
 d - a +3 dagger
 i - a +1 dagger of venom (weapon)
Missiles
 v - 2 throwing nets
Armour
 a - a +0 robe (melded)
 t - a +0 pair of gloves (melded)
Jewellery
 j - a ring of positive energy (left branch)
Scrolls
 c - 4 scrolls of teleportation {unknown}
 f - 2 scrolls of revelation {unknown}
 g - 2 scrolls of identify {unknown}
 n - a scroll of enchant armour {unknown}
 o - 2 scrolls of poison {unknown}
 r - a scroll of fog {unknown}
 s - a scroll of blinking {unknown}
 u - a scroll of noise {unknown}
Potions
 b - a potion of magic
 h - a potion of lignification
 k - a potion of degeneration {unknown}
 l - 3 potions of curing {unknown}
 m - a potion of mutation {unknown}
 p - a potion of ambrosia {unknown}
 q - a potion of resistance {unknown}


   Skills:
 + Level 2.4 Fighting
 - Level 2.1 Dodging
 - Level 2.0 Stealth
 + Level 3.0 Spellcasting
 + Level 6.3 Conjurations
 + Level 0.9 Translocations


You had 3 spell levels left.
You knew the following spells:

 Your Spells              Type           Power      Damage    Failure   Level
a - Magic Dart            Conj           100%       1d8       1%          1
b - Searing Ray           Conj           56%        2d6       1%          2
c - Iskenderun's Mystic   Conj/Tloc      17%        2d5       32%         4

Your spell library contained the following spells:

 Spells                   Type           Power      Damage    Failure   Level
 Dazzling Flash           Conj/Hex       30%        N/A       12%         3
 Fulminant Prism          Conj/Hex       7%         3d7       36%         4


Dungeon Overview and Level Annotations

Branches:
Dungeon (4/15)
 Temple: D:4-7

Altars:
Fedhas
Makhleb
Sif Muna
Yredelemnul


Innate Abilities, Weirdness & Mutations

You are a tree.
Your roots penetrate the ground, keeping you stationary.
You cannot be teleported.
You are immune to unholy pain and torment.
Your maximum health is greatly increased.
Your equipment is partially melded.
((You have a beak for a mouth.))
((You have claws for feet.))
You can magically evade attacks while moving or waiting.


Message History

The gnoll bouda gazes fiercely through you!
You feel your attacks grow feeble.
The gnoll bouda hits you but does no damage.
The gnoll completely misses you.
You hit the gnoll bouda but do no damage.
The gnoll bouda looks as sick as possible!
The gnoll bouda is moderately wounded.
The gnoll hits you but does no damage. x2
The phantom hits you but does no damage.
The gnoll completely misses you.
The gnoll hits you but does no damage. x2
The gnoll bouda hits you but does no damage.
You hit the gnoll bouda but do no damage.
The gnoll bouda is heavily wounded.
The gnoll hits you but does no damage. The phantom barely misses you.
The gnoll hits you but does no damage. x3
The gnoll bouda hits you with a +0 club.
Unknown command.
You barely miss the gnoll bouda.
The gnoll bouda is heavily wounded.
Your attacks no longer feel as feeble.
The gnoll hits you but does no damage. The gnoll hits you with a +0 whip.
The gnoll hits you from afar with a +0 spear.
The gnoll hits you but does no damage.
The gnoll bouda hits you but does no damage.
The phantom hits you but does no damage.
The gnoll hits you but does no damage.
You hit the gnoll bouda.
The gnoll bouda looks as sick as possible!
The gnoll bouda is almost dead.
The gnoll barely misses you. The gnoll hits you with a +0 flail.
The phantom hits you but does no damage.
The gnoll hits you from afar with a +0 spear.
* * * LOW HITPOINT WARNING * * *
The gnoll hits you from afar with a +0 spear.
* * * LOW HITPOINT WARNING * * *
The gnoll hits you but does no damage.
The gnoll bouda gazes fiercely through you!
You feel your attacks grow feeble.
The gnoll bouda hits you with a +0 club!
You die...

## ...######
#......#
#.....g#
#...gg♣# #..#
#...ggW# #..#
#...g... #(.#
#........ #..
#......#.##..
........#....#
..##.####..#.#
.. #........<#
.########


You could see a phantom, a gnoll bouda (extremely poisoned) and 5 gnolls.

Vanquished Creatures
  A hound (D:3)
  3 gnolls (D:3)
  An adder (D:3)
  3 dart slugs
  3 worms
  9 endoplasms
  A giant cockroach (D:2)
  8 goblins
  5 hobgoblins
  A quokka (D:2)
  3 ball pythons
  6 bats
  4 frilled lizards
  4 rats
52 creatures vanquished.

Notes
Turn   | Place    | Note
-------+----------+-------------------------------------------
     0 | D:1      | grandjackal the Tengu Conjurer began the quest for the Orb.
     0 | D:1      | Reached XP level 1. HP: 10/10 MP: 4/4
   221 | D:1      | Reached XP level 2. HP: 16/16 MP: 0/6
   383 | D:1      | Reached skill level 1 in Fighting
   546 | D:1      | Learned a level 2 spell: Searing Ray
   624 | D:1      | Reached XP level 3. HP: 20/20 MP: 7/7
  1803 | D:3      | Reached skill level 6 in Conjurations
  1803 | D:3      | Reached XP level 4. HP: 26/26 MP: 4/9
  1852 | D:3      | Learned a level 4 spell: Iskenderun's Mystic Blast
  1865 | D:3      | Found a faded altar of an unknown god.
  1995 | D:3      | Found a burning altar of Makhleb.
  2014 | D:3      | Found a basalt altar of Yredelemnul.
  2055 | D:3      | Reached XP level 5. HP: 29/31 MP: 10/10
  2357 | D:3      | Found a blossoming altar of Fedhas.
  2361 | D:3      | Found a shimmering blue altar of Sif Muna.
  2397 | D:4      | Noticed a phantom
  2411 | D:4      | Slain by a gnoll bouda

Illustrated notes

Levels and vault maps discovered:
D:1:      minmay_arrival_glassed_features, layout_basic, minmay_distorted
D:2:      layout_basic, serial_forest, infiniplex_forest_clump_tiny,
          infiniplex_forest_clump_medium, infiniplex_forest_clump_cross,
          infiniplex_forest_straight_2, infiniplex_forest_straight_2,
          infiniplex_forest_lined_ring, infiniplex_forest_clump_small,
          kennysheep_nub, kennysheep_generic_room_7
D:3:      layout_basic, nicolae_overflow_hidden_temple,
          shapermc_ecumenical_altar_venn
D:4:      layout_rooms, mainiacjoe_overflow_alcove_4, serial_curves,
          eino_curves_01, eino_curves_03, lightli_minifort

Skill      XL: |  1  2  3  4 |
---------------+-------------+-----
Fighting       | 1 2 |  2.4
Conjurations   | 6 |  6.3
Spellcasting   | 3 |  3.0
Dodging        | |  2.1
Stealth        | |  2.0
Translocations | |  0.9

Action                     |  1- 3 |  4- 6 || total
---------------------------+-------+-------++-------
  Melee: Unarmed           |     3 |       ||     3
         Kick              |    17 |     6 ||    23
         Peck              |     5 |     4 ||     9
         Dagger            |    50 |    29 ||    79
         Punch             |     1 |     3 ||     4
   Cast: Magic Dart        |    22 |       ||    22
         Searing Ray       |     3 |     3 ||     6
    Use: Potion            |       |     2 ||     2
   Stab: Sleeping          |     3 |     1 ||     4
 Armour: Robe              |    14 |    13 ||    27
         Skin              |       |    42 ||    42
  Dodge: Dodged            |    42 |    22 ||    64

Table legend: (Time is in decaauts)
 A = Elapsed time spent in this place.
 B = Non-inter-level travel time spent in this place.
 C = Inter-level travel time spent in this place.
 D = Time resting spent in this place.
 E = Time spent auto-exploring this place.
 F = Levels seen in this place.
 G = Mean time per level.
                   A        B        C        D        E       F      G
               +--------+--------+--------+--------+--------+-----+--------+
         Total |   2408 |   2343 |     65 |    357 |   1562 |   4 |  602.0 |
       Dungeon |   2408 |   2343 |     65 |    357 |   1562 |   4 |  602.0 |
               +--------+--------+--------+--------+--------+-----+--------+

Top non-repeatable levels by time:
     D:1: 945 daAuts
     D:2: 770 daAuts
     D:3: 679 daAuts
     D:4: 13 daAuts
